TOP OF THE 1ST |
Charlotte Stone Crabs batting - Pitching for Frederick Keys : RHP Matt Talaski
|
Pitching: RHP Matt Talaski
|
|
Batting: LHB Harris Vink
|
0-0: Ball 1-0: Foul Ball, location: 2F 1-1: Called Strike 1-2: Foul Ball, location: 2F 1-2: Fly out, F2 (Popup, 25F, EV 91.9 MPH)
|
Batting: RHB Jose Arriola
|
0-0: Ball 1-0: Called Strike 1-1: Ball 2-1: Swinging Strike 2-2: Ball 3-2: Ground out 6-3 (Groundball, 6, EV 78.8 MPH)
|
Batting: RHB Alex Diaz
|
0-0: Foul Ball, location: 2F 0-1: Swinging Strike 0-2: Ball 1-2: Strikes out swinging
|
Top of the 1st over - 0 runs, 0 hits, 0 errors, 0 left on base; Charlotte 0 - Frederick 0 |
BOTTOM OF THE 1ST |
Frederick Keys batting - Pitching for Charlotte Stone Crabs : RHP Jaylin Green
|
Pitching: RHP Jaylin Green
|
|
Batting: LHB Eric Jackson
|
0-0: Foul Ball, location: 2F 0-1: Bunt for hit to 3S - play at first, batter safe!
|
Batting: RHB Danny Baeza
|
0-0: Foul Ball, location: 2F 0-1: Ball 1-1: Swinging Strike 1-2: Strikes out looking
|
Batting: LHB Justin Moore
|
0-0: Ball 1-0: Called Strike 1-1: Ball Eric Jackson steals 2nd base (no throw) 2-1: Ball 3-1: Foul Ball, location: 2F 3-2: SINGLE (Groundball, 4D, EV 101.9 MPH) Eric Jackson to third
|
Batting: RHB Jeremy Sipe
|
0-0: Ball 1-0: Fly out, F7 (Line Drive, 78M, EV 93.8 MPH) Runner from 3rd tags up, SCORES, no throw by LF
|
Batting: RHB Mike Pitts
|
0-0: Called Strike 0-1: Fielders Choice at 2nd, 6-4 (Groundball, 6, EV 86.2 MPH)
|
Bottom of the 1st over - 1 run, 2 hits, 0 errors, 1 left on base; Charlotte 0 - Frederick 1 |
TOP OF THE 2ND |
Charlotte Stone Crabs batting - Pitching for Frederick Keys : RHP Matt Talaski
|
Batting: LHB Darryl Gonnella
|
0-0: Called Strike 0-1: Ball 1-1: DOUBLE (Line Drive, 78XD, EV 107.5 MPH)
|
Batting: RHB Chris Thorson
|
0-0: Swinging Strike 0-1: Foul Ball, location: 2F 0-2: Foul Ball, location: 2F 0-2: Ball 1-2: Foul Ball, location: 2F 1-2: Foul Ball, location: 2F 1-2: Strikes out swinging
|
Batting: LHB Rich Matthews
|
0-0: Called Strike 0-1: Fly out, F8 (Flyball, 8LXD, EV 89.4 MPH) Runner from 2nd tags up, SAFE at 3rd, no throw by CF
|
Batting: RHB Nelle Lommen
|
0-0: Ball 1-0: Called Strike 1-1: Foul Ball, location: 2F 1-2: Ground out 6-3 (Groundball, 6, EV 78.8 MPH)
|
Top of the 2nd over - 0 runs, 1 hit, 0 errors, 1 left on base; Charlotte 0 - Frederick 1 |
BOTTOM OF THE 2ND |
Frederick Keys batting - Pitching for Charlotte Stone Crabs : RHP Jaylin Green
|
Batting: RHB Francisco Viera
|
0-0: Hit by Pitch
|
Pinch Runner at 1st Matt Berrier:
|
|
Batting: LHB Tomas de Zeeuw
|
0-0: Foul Ball, location: 2F 0-1: SINGLE (Groundball, 6MD, EV 96.9 MPH) Matt Berrier to second Runner from 2nd tries for 3rd, SAFE, no throw by CF
|
Batting: RHB Daniel Jackson
|
0-0: Called Strike 0-1: SINGLE (Line Drive, 34D, EV 96.9 MPH) Matt Berrier scores Tomas de Zeeuw to second Runner from 2nd tries for 3rd, SAFE, throw by RF made to third
|
Batting: RHB Ray Sims
|
0-0: Fly out, F3 (Line Drive, 3L, EV 71.2 MPH) Lined into DP, 3-5 (Line Drive, 3L, EV 74.4 MPH)
|
Batting: LHB Eric Jackson
|
0-0: 2-RUN HOME RUN (Flyball, 9D, EV 96.2 MPH), Distance : 376 ft
|
Batting: RHB Danny Baeza
|
0-0: Ball 1-0: Ball 2-0: Foul Ball, location: 2F 2-1: Ground out 5-3 (Groundball, 56S, EV 70.0 MPH)
|
Bottom of the 2nd over - 3 runs, 3 hits, 0 errors, 0 left on base; Charlotte 0 - Frederick 4 |
TOP OF THE 3RD |
Charlotte Stone Crabs batting - Pitching for Frederick Keys : RHP Matt Talaski
|
Now at SS: Matt Berrier
|
|
Batting: LHB Sean Banks
|
0-0: Called Strike 0-1: Fly out, F2 (Popup, 13S, EV 90.6 MPH)
|
Batting: RHB John Downing
|
0-0: Ball 1-0: Ball 2-0: Ball 3-0: Called Strike 3-1: Foul Ball, location: 2F 3-2: Foul Ball, location: 2F 3-2: Foul Ball, location: 2F 3-2: Foul Ball, location: 2F 3-2: SINGLE (Groundball, 6MD, EV 105.0 MPH)
|
Batting: LHB Harris Vink
|
0-0: Ball 1-0: Ball 2-0: Called Strike 2-1: Ball 3-1: Foul Ball, location: 2F 3-2: Strikes out swinging
|
Batting: RHB Jose Arriola
|
0-0: Ball 1-0: Fly out, F6 (Line Drive, 6M, EV 76.9 MPH)
|
Top of the 3rd over - 0 runs, 1 hit, 0 errors, 1 left on base; Charlotte 0 - Frederick 4 |
BOTTOM OF THE 3RD |
Frederick Keys batting - Pitching for Charlotte Stone Crabs : RHP Jaylin Green
|
Batting: LHB Justin Moore
|
0-0: Ball 1-0: Called Strike 1-1: Foul Ball, location: 2F 1-2: Ball 2-2: Strikes out looking
|
Batting: RHB Jeremy Sipe
|
0-0: Foul Ball, location: 2F 0-1: Foul Ball, location: 2F 0-2: Foul Ball, location: 2F 0-2: Ball 1-2: SINGLE (Flyball, 6MD, EV 94.4 MPH)
|
Batting: RHB Mike Pitts
|
0-0: Called Strike 0-1: Reached on error, E4 (Groundball, 34, EV 87.5 MPH) Jeremy Sipe to second
|
Batting: RHB Matt Berrier
|
0-0: Ball 1-0: Ball 2-0: Fielders Choice at 2nd, 6-4 (Groundball, 6, EV 99.4 MPH) Jeremy Sipe to third
|
Batting: LHB Tomas de Zeeuw
|
0-0: Foul Ball, location: 2F 0-1: Fly out, F5 (Popup, 56S, EV 76.2 MPH)
|
Bottom of the 3rd over - 0 runs, 1 hit, 1 error, 2 left on base; Charlotte 0 - Frederick 4 |
TOP OF THE 4TH |
Charlotte Stone Crabs batting - Pitching for Frederick Keys : RHP Matt Talaski
|
Batting: RHB Alex Diaz
|
0-0: Ball 1-0: Called Strike 1-1: Swinging Strike 1-2: Ball 2-2: Foul Ball, location: 2F 2-2: Strikes out swinging
|
Batting: LHB Darryl Gonnella
|
0-0: Ball 1-0: Ball 2-0: Ball 3-0: Called Strike 3-1: Base on Balls
|
Batting: RHB Chris Thorson
|
0-0: Called Strike 0-1: Foul Ball, location: 2F 0-2: Strikes out swinging
|
Batting: LHB Rich Matthews
|
0-0: Ball 1-0: Foul Ball, location: 2F 1-1: Foul Ball, location: 2F 1-2: Ball Wild Pitch! Darryl Gonnella to second 2-2: Ball 3-2: Fly out, F5 (Line Drive, 56, EV 55.6 MPH)
|
Top of the 4th over - 0 runs, 0 hits, 0 errors, 1 left on base; Charlotte 0 - Frederick 4 |
BOTTOM OF THE 4TH |
Frederick Keys batting - Pitching for Charlotte Stone Crabs : RHP Jaylin Green
|
Batting: RHB Daniel Jackson
|
0-0: Ball 1-0: SINGLE (Line Drive, 89S, EV 102.5 MPH)
|
Batting: RHB Ray Sims
|
0-0: SINGLE (Flyball, 89S, EV 98.1 MPH) Daniel Jackson to second Runner from 2nd tries for 3rd, SAFE, throw by RF made to third
|
Pitching: RHP Adam Worrell
|
|
Batting: LHB Eric Jackson
|
0-0: Called Strike 0-1: Swinging Strike 0-2: Ball 1-2: Strikes out swinging
|
Batting: RHB Danny Baeza
|
0-0: Ball 1-0: Ball 2-0: Foul Ball, location: 2F 2-1: Fielders Choice at 2nd, 4-6 (Groundball, 4M, EV 101.9 MPH) Daniel Jackson scores
|
Batting: LHB Justin Moore
|
0-0: Called Strike Danny Baeza steals 2nd base 0-1: Called Strike 0-2: Ball 1-2: Fly out, F9 (Flyball, 9D, EV 95.0 MPH)
|
Bottom of the 4th over - 1 run, 2 hits, 0 errors, 1 left on base; Charlotte 0 - Frederick 5 |
TOP OF THE 5TH |
Charlotte Stone Crabs batting - Pitching for Frederick Keys : RHP Matt Talaski
|
Batting: RHB Nelle Lommen
|
0-0: Called Strike 0-1: Ground out 4-3 (Groundball, 4M, EV 80.6 MPH)
|
Batting: LHB Sean Banks
|
0-0: Ball 1-0: Ball 2-0: Called Strike 2-1: Called Strike 2-2: Foul Ball, location: 2F 2-2: Ground out 6-3 (Groundball, P, EV 76.2 MPH)
|
Batting: RHB John Downing
|
0-0: SOLO HOME RUN (Flyball, 7LD, EV 93.8 MPH), Distance : 338 ft
|
Batting: LHB Harris Vink
|
0-0: SINGLE (Groundball, 6MD, EV 100.0 MPH)
|
Batting: RHB Jose Arriola
|
0-0: Called Strike 0-1: Ball 1-1: Ground out 1-3 (Groundball, 13, EV 71.9 MPH)
|
Top of the 5th over - 1 run, 2 hits, 0 errors, 1 left on base; Charlotte 1 - Frederick 5 |
BOTTOM OF THE 5TH |
Frederick Keys batting - Pitching for Charlotte Stone Crabs : RHP Adam Worrell
|
Batting: RHB Jeremy Sipe
|
0-0: Called Strike 0-1: Ball 1-1: Ball 2-1: Foul Ball, location: 2F 2-2: Foul Ball, location: 2F 2-2: Strikes out swinging
|
Batting: RHB Mike Pitts
|
0-0: Called Strike 0-1: Ball 1-1: Foul Ball, location: 2F 1-2: Strikes out swinging
|
Batting: RHB Matt Berrier
|
0-0: Called Strike 0-1: Foul Ball, location: 2F 0-2: Ball 1-2: Foul Ball, location: 2F 1-2: Ball 2-2: Ball 3-2: Ground out 5-3 (Groundball, 56, EV 85.0 MPH)
|
Bottom of the 5th over - 0 runs, 0 hits, 0 errors, 0 left on base; Charlotte 1 - Frederick 5 |
TOP OF THE 6TH |
Charlotte Stone Crabs batting - Pitching for Frederick Keys : RHP Matt Talaski
|
Batting: RHB Alex Diaz
|
0-0: Ball 1-0: Called Strike 1-1: Foul Ball, location: 2F 1-2: Strikes out swinging, 2-3 out at first.
|
Batting: LHB Darryl Gonnella
|
0-0: Ball 1-0: Called Strike 1-1: Swinging Strike 1-2: Ball 2-2: Ball 3-2: SINGLE (Flyball, 56D, EV 90.6 MPH)
|
Pitching: RHP Josh Blankenship
|
|
Batting: RHB Chris Thorson
|
0-0: Foul Ball, location: 2F 0-1: Ball 1-1: Ball Darryl Gonnella is caught stealing 2nd base 2-4 2-1: Foul Ball, location: 2F 2-2: Ground out 3-1 (Groundball, 34, EV 106.2 MPH)
|
Top of the 6th over - 0 runs, 1 hit, 0 errors, 0 left on base; Charlotte 1 - Frederick 5 |
BOTTOM OF THE 6TH |
Frederick Keys batting - Pitching for Charlotte Stone Crabs : RHP Adam Worrell
|
Batting: LHB Tomas de Zeeuw
|
0-0: Ball 1-0: Foul Ball, location: 2F 1-1: Fly out, F9 (Flyball, 9, EV 89.4 MPH)
|
Batting: RHB Daniel Jackson
|
0-0: Ball 1-0: Ball 2-0: Ball 3-0: Called Strike 3-1: Foul Ball, location: 2F 3-2: Foul Ball, location: 2F 3-2: Foul Ball, location: 2F 3-2: Ground out U3 (Groundball, 3, EV 98.8 MPH)
|
Batting: RHB Ray Sims
|
0-0: Called Strike 0-1: Ball 1-1: Called Strike 1-2: Strikes out swinging
|
Bottom of the 6th over - 0 runs, 0 hits, 0 errors, 0 left on base; Charlotte 1 - Frederick 5 |
TOP OF THE 7TH |
Charlotte Stone Crabs batting - Pitching for Frederick Keys : RHP Josh Blankenship
|
Batting: LHB Rich Matthews
|
0-0: Ball 1-0: Foul Ball, location: 2F 1-1: Ball 2-1: Ball 3-1: Base on Balls
|
Batting: RHB Nelle Lommen
|
0-0: Foul Ball, location: 2F 0-1: Called Strike Balk! Rich Matthews to second 0-2: Ball 1-2: Strikes out swinging
|
Batting: LHB Sean Banks
|
0-0: Ball 1-0: Ball 2-0: Ground out 4-3 (Groundball, 4, EV 85.6 MPH) Rich Matthews to third
|
Batting: RHB John Downing
|
0-0: Swinging Strike 0-1: Ball 1-1: Swinging Strike 1-2: Foul Ball, location: 2F 1-2: Ball 2-2: Foul Ball, location: 2F 2-2: Foul Ball, location: 2F 2-2: Strikes out swinging
|
Top of the 7th over - 0 runs, 0 hits, 0 errors, 1 left on base; Charlotte 1 - Frederick 5 |
BOTTOM OF THE 7TH |
Frederick Keys batting - Pitching for Charlotte Stone Crabs : RHP Adam Worrell
|
Pitching: RHP David Espinosa
|
|
Batting: LHB Eric Jackson
|
0-0: Called Strike 0-1: Foul Ball, location: 2F 0-2: Ball 1-2: Ball 2-2: Foul Ball, location: 2F 2-2: Ball 3-2: Foul Ball, location: 2F 3-2: Fly out, F7 (Flyball, 78M, EV 85.6 MPH)
|
Batting: RHB Danny Baeza
|
0-0: Ball 1-0: Ball 2-0: Swinging Strike 2-1: Ball 3-1: Base on Balls
|
Batting: LHB Justin Moore
|
0-0: Foul Ball, location: 2F 0-1: Ball 1-1: Ball 2-1: Ball 3-1: SINGLE (Groundball, 4D, EV 101.2 MPH) Danny Baeza to second Runner from 2nd tries for 3rd, SAFE, throw by CF made to third
|
Batting: RHB Jeremy Sipe
|
0-0: Foul Ball, location: 2F 0-1: Ball 1-1: Ball 2-1: DOUBLE (Flyball, 8LXD, EV 107.5 MPH) Danny Baeza scores Justin Moore to third
|
Batting: RHB Mike Pitts
|
0-0: Ball Passed Ball! Justin Moore scores Jeremy Sipe to third 1-0: Ground out 5-3 (Groundball, 5, EV 100.0 MPH)
|
Batting: RHB Matt Berrier
|
0-0: Foul Ball, location: 2F 0-1: Ball 1-1: DOUBLE (Flyball, 78D, EV 101.9 MPH) Jeremy Sipe scores
|
Batting: LHB Tomas de Zeeuw
|
0-0: Foul Ball, location: 2F 0-1: Ball 1-1: Ground out U3 (Groundball, 3S, EV 63.8 MPH)
|
Bottom of the 7th over - 3 runs, 3 hits, 0 errors, 1 left on base; Charlotte 1 - Frederick 8 |
TOP OF THE 8TH |
Charlotte Stone Crabs batting - Pitching for Frederick Keys : RHP Josh Blankenship
|
Batting: LHB Harris Vink
|
0-0: Ball 1-0: Foul Ball, location: 2F 1-1: Ball 2-1: Swinging Strike 2-2: Foul Ball, location: 2F 2-2: Foul Ball, location: 2F 2-2: Foul Ball, location: 2F 2-2: Ball 3-2: Base on Balls
|
Batting: RHB Jose Arriola
|
0-0: Ball 1-0: Ball 2-0: Ball 3-0: Called Strike 3-1: Foul Ball, location: 2F 3-2: Foul Ball, location: 2F 3-2: Strikes out swinging Harris Vink steals 2nd base (no throw) Batter strikes out.
|
Batting: RHB Alex Diaz
|
0-0: Called Strike 0-1: Ball 1-1: Foul Ball, location: 2F 1-2: Ball 2-2: Ground out 6-3 (Groundball, 6, EV 81.9 MPH) Harris Vink to third
|
Pitching: LHP Justin Hinton
|
|
Batting: LHB Darryl Gonnella
|
0-0: Foul Ball, location: 2F 0-1: Ball 1-1: Reached on error, E5 (Groundball, 5, EV 81.2 MPH) Harris Vink scores
|
Batting: RHB Chris Thorson
|
0-0: Called Strike 0-1: Foul Ball, location: 2F 0-2: Ball 1-2: Strikes out swinging
|
Top of the 8th over - 1 run, 0 hits, 1 error, 1 left on base; Charlotte 2 - Frederick 8 |
BOTTOM OF THE 8TH |
Frederick Keys batting - Pitching for Charlotte Stone Crabs : RHP David Espinosa
|
Batting: RHB Daniel Jackson
|
0-0: Ground out U3 (Groundball, 3S, EV 81.9 MPH)
|
Batting: RHB Ray Sims
|
0-0: Called Strike 0-1: Ground out 6-3 (Groundball, 56, EV 103.8 MPH)
|
Batting: LHB Eric Jackson
|
0-0: Ball 1-0: Called Strike 1-1: Ball 2-1: Ball 3-1: Base on Balls
|
Pitching: RHP Josh McMahan
|
|
Batting: RHB Danny Baeza
|
0-0: Foul Ball, location: 2F 0-1: Hit by Pitch Eric Jackson to second
|
Batting: LHB Justin Moore
|
0-0: Called Strike 0-1: Called Strike 0-2: Ball 1-2: Ball 2-2: Foul Ball, location: 2F 2-2: Ball 3-2: SINGLE (Groundball, 3D, EV 97.5 MPH) Eric Jackson to third Danny Baeza to second Eric Jackson scores Danny Baeza to third
|
Batting: RHB Jeremy Sipe
|
0-0: Ball 1-0: Foul Ball, location: 2F 1-1: Foul Ball, location: 2F 1-2: Ball 2-2: Ground out 3-1 (Groundball, 34, EV 91.9 MPH)
|
Bottom of the 8th over - 1 run, 1 hit, 0 errors, 2 left on base; Charlotte 2 - Frederick 9 |
TOP OF THE 9TH |
Charlotte Stone Crabs batting - Pitching for Frederick Keys : LHP Justin Hinton
|
Batting: LHB Rich Matthews
|
0-0: Ball 1-0: Called Strike 1-1: Ground out 6-3 (Groundball, 6, EV 81.9 MPH)
|
Batting: RHB Nelle Lommen
|
0-0: Called Strike 0-1: Ball 1-1: Ball 2-1: Fly out, F3 (Line Drive, 3L, EV 76.2 MPH)
|
Batting: LHB Sean Banks
|
0-0: Called Strike 0-1: Ball 1-1: Ball 2-1: DOUBLE (Flyball, 89D, EV 108.8 MPH)
|
Batting: RHB John Downing
|
0-0: Called Strike 0-1: Ball 1-1: Ground out 5-3 (Groundball, 56, EV 108.8 MPH)
|
Top of the 9th over - 0 runs, 1 hit, 0 errors, 1 left on base; Charlotte 2 - Frederick 9 |
|